 Dungeon Crawl Stone Soup version 0.25.1-2-g60ff931df9 (webtiles) character file.

Game seed: 12861920279459528163

78 Johnny the Digger (level 3, 0/26 HPs)
             Began as a Demigod Earth Elementalist on Oct 27, 2020.
             Slain by a gnoll
             ... wielding a +0 whip
              (5 damage)
             ... on level 2 of the Dungeon.
             The game lasted 00:02:14 (2182 turns).

Johnny the Digger (Demigod Earth Elementalist)      Turns: 2182, Time: 00:02:14

Health: 0/26       AC:  2    Str: 11    XL:     3   Next: 94%
Magic:  9/9        EV: 12    Int: 21    God:
Gold:   87         SH:  0    Dex: 16    Spells: 3/7 levels left

rFire    . . .     SeeInvis .   g - +0 club
rCold    . . .     Gourm    .   (no shield)
rNeg     . . .     Faith    .   c - +0 robe
rPois    .         Spirit   .   (no helmet)
rElec    .         Reflect  .   (no cloak)
rCorr    .         Harm     .   (no gloves)
MR       .....                  (no boots)
Stlth    ++........             (no amulet)
HPRegen  0.08/turn              (no ring)
MPRegen  0.11/turn              (no ring)

@: no status effects
A: high mp 1
a: no special abilities


You were on level 2 of the Dungeon.
You were not hungry.

You visited 1 branch of the dungeon, and saw 2 of its levels.

You collected 87 gold pieces.

Inventory:

Hand Weapons
 g - a +0 club (weapon)
Missiles
 i - 16 stones (quivered)
Armour
 b - a +0 ring mail
 c - a +0 robe (worn)
Scrolls
 a - a scroll of teleportation {unknown}
 h - 2 scrolls of remove curse {unknown}
 j - a scroll of identify {unknown}
 l - a scroll of magic mapping {unknown}
Potions
 e - 2 potions of curing {unknown}
 f - a potion of berserk rage {unknown}
Comestibles
 d - 2 rations
 k - 3 chunks of flesh


   Skills:
 - Level 1.7 Dodging
 - Level 1.7 Stealth
 + Level 2.5 Spellcasting
   Level 0.8 Transmutations
 * Level 4.1 Earth Magic


You had 3 spell levels left.
You knew the following spells:

 Your Spells              Type           Power        Failure   Level  Hunger
a - Sandblast             Erth           ###...       2%          1    None
b - Stone Arrow           Conj/Erth      ##....       19%         3    ###....

Your spell library contained the following spells:

 Spells                   Type           Power        Failure   Level  Hunger
 Passwall                 Tmut/Erth      ##......     8%          2    ##.....
 Petrify                  Tmut/Erth      ##......     45%         4    ####...
 Lee's Rapid Deconstruct  Erth           ###.......   58%         5    ######.


Dungeon Overview and Level Annotations

Branches:
Dungeon (2/15)

Annotations:
D:2 Sigmund


Innate Abilities, Weirdness & Mutations

You have an increased reservoir of magic. (+10% MP)


Message History

A frilled lizard is nearby!
A frilled lizard is nearby!
Found 15 gold pieces.
A gnoll comes into view.
Found a stone staircase leading down. 3 gnolls come into view.
The frilled lizard bites you but does no damage.
You barely miss the frilled lizard. The frilled lizard bites you.
You hit the frilled lizard.
You kill the frilled lizard!
The gnoll shouts! x2
The gnoll closely misses you.
You barely miss the gnoll.
The gnoll shouts!
The gnoll closely misses you. The gnoll hits you with a +0 whip.
You completely miss the gnoll. The gnoll hits you with a +0 whip.
The gnoll hits you. The gnoll hits you with a +0 spear!
* * * LOW HITPOINT WARNING * * *
The gnoll misses you. The gnoll hits you with a +0 whip.
You die...

###### #....# ##....#
#.....# #>....+ #..ggg#
#..g@.##+##
#.....##..###########
#....†...............
#.........#..##........
#.........##.##........
#........$##.##........
...........##.##.......(
#.#####+#####..#........
.## ##.#........


You could see 4 gnolls.

Vanquished Creatures
  An adder (D:2)
  4 gnolls (D:2)
  An ooze (D:1)
  A worm (D:2)
  A dart slug (D:1)
  A ball python (D:1)
  2 giant cockroaches (D:1)
  3 goblins
  6 hobgoblins
  A jackal (D:2)
  3 kobolds
  3 bats (D:1)
  4 frilled lizards
  7 rats
38 creatures vanquished.

Vanquished Creatures (others)
  A worm (D:2)
  A goblin (D:2)
  2 jackals (D:2)
4 creatures vanquished.

Grand Total: 42 creatures vanquished

Notes
Turn   | Place    | Note
-------+----------+-------------------------------------------
     0 | D:1      | Johnny the Demigod Earth Elementalist began the quest for
                  | the Orb.
     0 | D:1      | Reached XP level 1. HP: 14/14 MP: 5/5
   133 | D:1      | Reached skill level 3 in Earth Magic
   195 | D:1      | Reached XP level 2. HP: 20/20 MP: 4/7
  1196 | D:2      | Noticed Sigmund
  1513 | D:2      | Reached XP level 3. HP: 18/26 MP: 9/9
  1945 | D:2      | Found a radiant altar of Vehumet.
  1969 | D:2      | Reached skill level 4 in Earth Magic
  2135 | D:2      | Learned a level 3 spell: Stone Arrow
  2182 | D:2      | Slain by a gnoll

Illustrated notes

Levels and vault maps discovered:
D:1:      psy_arrival_dodecagon, layout_basic
D:2:      layout_basic, fiery_altar_vehumet, minmay_door_square, uniq_sigmund

Skill      XL: |  1  2  3 |
---------------+----------+-----
Spellcasting   | 2 |  2.5
Earth Magic    | 3 4 |  4.1
Dodging        | |  1.7
Stealth        | |  1.7
Transmutations | |  0.8

Action                   || total
-------------------------++-------
Melee: Unarmed           ||    32
       Club              ||    48
 Cast: Sandblast         ||    48
 Stab: Sleeping          ||     2
  Eat: Chunk             ||     4
Armor: Robe              ||    17
Dodge: Dodged            ||    79
